 Dungeon Crawl Stone Soup version 0.29-a0-96-g93358da72b (webtiles) character file.

Game seed: 16245133113003569658

216 horus123 the Sneak (level 5, -1/37 HPs)
             Began as an Octopode Brigand on Feb 11, 2022.
             Was an Initiate of Nemelex Xobeh.
             Killed by divine providence
             ... invoked by an orc priest
              (12 damage)
             ... on level 4 of the Dungeon.
             The game lasted 00:04:18 (2423 turns).

horus123 the Sneak (Octopode Brigand)               Turns: 2423, Time: 00:04:18

Health: -1/37      AC:  5    Str: 11    XL:     5   Next: 93%
Magic:  0/5        EV: 16    Int: 13    God:    Nemelex Xobeh [......]
Gold:   226        SH:  0    Dex: 15    Spells: 4/4 levels left

rFire   . . .      SeeInvis .   i - +0 rapier
rCold   . . .      Faith    .   (no shield)
rNeg    . . .      Spirit   +   (helmet restricted)
rPois   .          Reflect  .   k - amulet of guardian spirit
rElec   .          Harm     .   j - +4 ring of evasion
rCorr   .          Rampage  .   l - +4 ring of protection
Will    .....                   (no ring)
Stlth   ++........              (no ring)
HPRegen 0.12/turn               (no ring)
MPRegen 0.09/turn               (no ring)
                                (no ring)
                                (no ring)

@: confused
A: almost no armour, amphibious, 8 rings, camouflage 1, gelatinous body 1,
(nimble swimmer 1), tentacles
a: Renounce Religion, Draw Escape, Draw Destruction, Draw Summoning


You were on level 4 of the Dungeon.
You worshipped Nemelex Xobeh.
Nemelex Xobeh was noncommittal.
You visited 1 branch of the dungeon, and saw 4 of its levels.

You collected 226 gold pieces.

Inventory:

Hand Weapons
 a - a +2 dagger
 i - a +0 rapier (weapon)
Missiles
 b - 8 poisoned darts (quivered)
 c - 2 curare-tipped darts
Jewellery
 j - a +4 ring of evasion (left tentacle)
 k - an amulet of guardian spirit (around mantle)
 l - a +4 ring of protection (right tentacle)
 o - the ring "Etrab" {AC+4 Str+5}
   (You found it on level 4 of the Dungeon)

   [ring of protection]

   AC:        It affects your AC (+4).
   Str:       It affects your strength (+5).
Wands
 q - a wand of paralysis (6)
Scrolls
 g - 4 scrolls of noise
 m - a scroll of blinking {unknown}
Potions
 d - 2 potions of heal wounds {unknown}
 e - 4 potions of curing {unknown}
 f - a potion of haste {unknown}
 h - a potion of resistance {unknown}
 n - 2 potions of lignification {unknown}
 p - a potion of magic {unknown}
 r - a potion of attraction {unknown}


   Skills:
 - Level 4.0 Fighting
 + Level 4.2 Short Blades
 - Level 2.0 Throwing
 - Level 1.0 Dodging
 - Level 6.1 Stealth


You had 4 spell levels left.
You didn't know any spells.
Your spell library contained the following spells:

 Spells                   Type           Power      Damage    Failure   Level
 Call Canine Familiar     Summ           0%         N/A       67%         3
 Gell's Gravitas          Tloc           0%         N/A       67%         3
 Portal Projectile        Hex/Tloc       0%         N/A       67%         3
 Teleport Other           Tloc           0%         N/A       67%         3
 Leda's Liquefaction      Hex/Erth       0%         N/A       97%         4
 Dispersal                Tloc           0%         N/A       100%        6


Dungeon Overview and Level Annotations

Branches:
Dungeon (4/15)
 Temple: D:4-7

Altars:
Nemelex Xobeh

Shops:
D:1 (


Innate Abilities, Weirdness & Mutations

You cannot wear most types of armour.
You are amphibious.
You can wear up to eight rings at the same time.
Your skin changes colour to match your surroundings (Stealth+).
Your rubbery body absorbs attacks. (AC +1, EV +1)
((You are camouflaged when in or above water. (Stealth+)))
You have tentacles for arms and can constrict up to eight enemies at once.


Message History

The adder barely misses you.
You hit the adder. You grab the adder. You squeeze the adder.
The adder is severely wounded.
You constrict the adder. The adder closely misses you.
An orc comes into view. It is wielding a +0 club.
The adder barely misses you.
The orc shouts!
You puncture the adder!
You kill the adder!
The phantom hits you.
The orc priest calls down the wrath of Beogh upon you.
Beogh smites you! The phantom barely misses you.
The orc wizard gestures at you while chanting.
You are confused.
You miss the phantom.
An orc priest comes into view. It is wielding a +0 falchion.
The phantom hits you!
The orc priest hits you with a +0 hand axe.
The phantom closely misses you.
The orc wizard hits you with a +0 dagger.
The orc priest miscasts a cantrip.
The phantom barely misses you.
An orc comes into view. It is wielding a +0 dagger.
The orc priest hits you with a +0 hand axe.
The orc wizard points at you and mumbles some strange words.
You are more confused.
The phantom closely misses you.
The orc wizard points at you and mumbles some strange words.
You resist with some effort. The phantom closely misses you.
The orc priest miscasts a cantrip.
The phantom hits you.
The phantom blinks!
You blink.
The orc priest misses you. The phantom hits you.
* * * LOW HITPOINT WARNING * * *
The phantom blinks!
You blink.
The orc priest invokes the aid of Beogh against you.
Beogh smites you!
You die...
Your body disappears without a glow.

.....o......##.####'###..
............##.##........
............##.##........
###########.oo.###.##......).
#.........#.o§.##...#........
#.........#§o..###.##......##
#.........#....##..†##.....#
#..##.....'..)W#..#..#.....#
#..##.....#.@..##...##.....##
#..#......#...##.#.#.###.....
#..#......#...#.......##.....
#..#......#...###.#†###+.....
#..###...##..##.......##.....
#..###...#####.#.#.#.#.#.....
#....#.......#(........#.....
#....#.......#####.#####.....
#.............#..............


You could see a phantom, 2 orc priests, an orc wizard and an orc.

Vanquished Creatures
  Crazy Yiuf (D:2)
  Jessica (D:3)
  Terence (D:2)
  2 adders (D:4)
  4 gnolls
  An adder skeleton (D:4)
  A worm (D:2)
  3 dart slugs
  2 orcs
  6 bats
  7 endoplasms
  4 giant cockroaches
  3 goblins
  6 hobgoblins
  2 jackals (D:1)
  2 quokkas
  2 ball pythons
  7 frilled lizards
  8 kobolds
  8 rats
71 creatures vanquished.

Notes
Turn   | Place    | Note
-------+----------+-------------------------------------------
     0 | D:1      | horus123 the Octopode Brigand began the quest for the Orb.
     0 | D:1      | Reached XP level 1. HP: 14/14 MP: 1/1
    27 | D:1      | Found Ulyil's Weapon Shoppe.
    49 | D:1      | Reached skill level 6 in Stealth
    49 | D:1      | Reached XP level 2. HP: 3/19 MP: 2/2
   421 | D:1      | Reached XP level 3. HP: 25/25 MP: 3/3
  1269 | D:2      | Noticed Terence
  1273 | D:2      | Killed Terence
  1274 | D:2      | Reached XP level 4. HP: 33/33 MP: 4/4
  1509 | D:2      | Found a runed translucent door.
  1510 | D:2      | Noticed Crazy Yiuf
  1569 | D:2      | Found a faded altar of an unknown god.
  1899 | D:2      | Killed Crazy Yiuf
  1900 | D:2      | Reached XP level 5. HP: 37/37 MP: 5/5
  1980 | D:3      | Noticed Jessica
  1982 | D:3      | Killed Jessica
  2162 | D:3      | Found a sparkling altar of Nemelex Xobeh.
  2168 | D:3      | Became a worshipper of Nemelex Xobeh the Trickster
  2201 | D:4      | Identified the ring "Etrab" {AC+4 Str+5}
  2409 | D:4      | Noticed a phantom
  2423 | D:4      | Killed from afar by an orc priest

Illustrated notes

Levels and vault maps discovered:
D:1:      wheals_arrival_shading, layout_loops_ring, serial_shops, shop
D:2:      layout_basic, shapermc_ecumenical_altar_flowoftime,
          uniq_crazy_yiuf_cottage, uniq_terence
D:3:      layout_rooms, lemuel_doored_altar, portal_sewer_entry_f,
          minmay_misc_feat_room, uniq_jessica
D:4:      minmay_spotlight, layout_gridville, eat_drink_and_be_merry_uskayaw

Skill      XL: |  1  2  3  4  5 |
---------------+----------------+-----
Stealth        | 6 |  6.1
Fighting       | 3 4 |  4.0
Short Blades   | 4 |  4.2
Throwing       | |  2.0
Dodging        | |  1.0

Action                   |  1- 3 |  4- 6 || total
-------------------------+-------+-------++-------
Melee: Dagger            |    66 |    14 ||    80
       Tentacles         |    10 |    10 ||    20
       Constrict         |    16 |    10 ||    26
       Punch             |     1 |     1 ||     2
       Rapier            |       |    38 ||    38
Throw: Dart              |       |     2 ||     2
  Use: Scroll            |     1 |     1 ||     2
 Stab: Sleeping          |    11 |    16 ||    27
       Distracted        |       |     1 ||     1
Armor: Skin              |     5 |     4 ||     9
Dodge: Dodged            |    36 |    31 ||    67

Table legend: (Time is in decaauts)
 A = Elapsed time spent in this place.
 B = Non-inter-level travel time spent in this place.
 C = Inter-level travel time spent in this place.
 D = Time resting spent in this place.
 E = Time spent auto-exploring this place.
 F = Levels seen in this place.
 G = Mean time per level.
                   A        B        C        D        E       F      G
               +--------+--------+--------+--------+--------+-----+--------+
         Total |   2413 |   2314 |     99 |    380 |   1424 |   4 |  603.2 |
       Dungeon |   2413 |   2314 |     99 |    380 |   1424 |   4 |  603.2 |
               +--------+--------+--------+--------+--------+-----+--------+

Top non-repeatable levels by time:
     D:1: 1177 daAuts
     D:2: 781 daAuts
     D:4: 239 daAuts
     D:3: 215 daAuts
